 Dungeon Crawl Stone Soup version 0.31-a0-460-g9e667d4245 (webtiles) character file.

Game seed: 347040874867678390

130 MisterAzrael the Scratcher (level 4, -2/1 HPs)
             Began as a Felid Shapeshifter on Aug 4, 2023.
             Slain by a phantom (3 damage)
             ... on level 5 of the Dungeon.
             The game lasted 00:03:41 (3213 turns).

MisterAzrael the Scratcher (Felid Shapeshifter)     Turns: 3213, Time: 00:03:42

Health: -2/1       AC: 15    Str: 13    XL:     4   Next: 90%
Magic:  5/5        EV: 37    Int: 10    God:
Gold:   139        SH:  0    Dex: 16    Spells: 3/3 levels left
                                        Lives:  0   Deaths: 1

rFire   . .          .
                       - Unarmed
rCold   . . .        (shield unavailable)
rNeg    . . .        (body armour unavailable)
rPois   ∞            (helmet unavailable)
rElec   +            (cloak unavailable)
rCorr   .            (gloves unavailable)
SInv    +            (boots unavailable)
Will    .....        g - amulet of regeneration
Stlth   +++          (no ring)
HPRegen 1.00/turn    (no ring)
MPRegen 0.09/turn

%: no passive effects
@: storm-form, flying
A: cleaving, insubstantial, flying, reduced hp, very small, (claws 1), (fangs
3), see invisible, (speed 1), (shaggy fur 1), (stealthy paws), no weapons or
thrown items, no armour, multi-lived
a: Blinkbolt, Begin Untransformation


You were on level 5 of the Dungeon.
You were a lightning-filled tempest!
You visited 1 branch of the dungeon, and saw 5 of its levels.

You collected 139 gold pieces.

Inventory:

Jewellery
 g - an amulet of regeneration (around neck)
 m - a +6 ring of dexterity
Talismans
 b - a beast talisman
 i - a storm talisman (active)
 p - a maw talisman
Wands
 q - a wand of mindburst (7)
Scrolls
 a - a scroll of amnesia {unknown}
 c - 8 scrolls of identify {unknown}
 f - 2 scrolls of noise {unknown}
 j - a scroll of enchant armour {unknown}
 k - a scroll of enchant weapon {unknown}
 n - 3 scrolls of teleportation {unknown}
Potions
 d - 2 potions of degeneration {unknown}
 e - 2 potions of cancellation {unknown}
 h - a potion of haste {unknown}
 l - 2 potions of berserk rage
 o - 2 potions of mutation {unknown}


   Skills:
 - Level 1.5 Fighting
 - Level 3.1 Dodging
 * Level 4.2 Stealth
 * Level 4.3 Unarmed Combat
 * Level 4.3 Shapeshifting


You had 3 spell levels left.
You didn't know any spells.
Your spell library contained the following spells:

 Spells                   Type           Power      Damage    Failure   Level
 Shock                    Conj/Air       0%         1d3       36%         1
 Slow                     Hex            0%         N/A       36%         1
 Confusing Touch          Hex            0%         N/A       75%         3
 Swiftness                Air            0%         N/A       75%         3
 Vampiric Draining        Necr           0%         2d6       75%         3
 Airstrike                Air            0%         2d(0-16)  98%         4


Dungeon Overview and Level Annotations

Branches:
Dungeon (5/15)
 Temple: D:4-7

Altars:
The Shining One

Shops:
D:4 ?


Innate Abilities, Weirdness & Mutations

You are a lightning-filled tempest!
Your electrical attacks strike out in all directions at once.
You are incredibly evasive.
Your insubstantial body is immune to petrification, constriction, and being set on fire You are flying.
Your maximum health is decreased, since you lack skill for your form.
You are immune to poison.
((You have sharp claws.))
((You have razor-sharp teeth.))
You have supernaturally acute eyesight. (SInv)
((You cover ground quickly. (Speed+)))
((You are covered in fur. (AC +1)))
((Your paws help you pounce on unaware monsters.))
You are incapable of wielding weapons or throwing items.
You cannot wear armour.
You gain extra lives every three experience levels.


Message History

You buffet the gnoll!
The gnoll is almost dead.
The gnoll misses you.
You buffet the gnoll!
You kill the gnoll!
You see here a +0 halberd.
You see here the felid skeleton of MisterAzrael.
Items here: )) [ ÷÷.
Done exploring.
Done exploring.
No target in view!
No target in view!
No target in view!
No target in view!
Done exploring.
Done exploring.
(D) Dungeon
Where to? (Enter - D:4, ? - help)
What level of the Dungeon? (default 1, ? - help)
There is a stone staircase leading down here.
You fly downwards.
There is a stone staircase leading up here.
A white imp comes into view.
Found 12 gold pieces.
The helpless white imp fails to defend itself.
You buffet the white imp!
You kill the white imp!
No target in view!
You now have 139 gold pieces (gained 12).
Found 5 stones.
No target in view!
No target in view!
No target in view!
A phantom comes into view.
A phantom is nearby!
You batter the phantom!!
The phantom is severely damaged.
The phantom hits you.
Ouch! That really hurt!
You die...

#......#
#..#.....#
#..#######
#..#######.
#..........
#####.#########
...#.# ####.#.#
#...Wv.#
....##.### # #(
.. ###


You could see a phantom.

Vanquished Creatures
  A gnoll bouda (D:4)
  A hound (D:4)
  An orc priest (D:2)
  3 gnolls (D:4)
  2 adders (D:4)
  A white imp (D:5)
  A worm (D:2)
  2 dart slugs
  7 orcs (D:4)
  4 endoplasms
  4 giant cockroaches
  4 goblins
  12 hobgoblins
  4 jackals (D:1)
  8 ball pythons
  6 bats
  2 frilled lizards
  4 kobolds
  3 rats (D:1)
70 creatures vanquished.

Notes
Turn   | Place    | Note
-------+----------+-------------------------------------------
     0 | D:1      | MisterAzrael the Felid Shapeshifter began the quest for the
                  | Orb.
     0 | D:1      | Reached XP level 1. HP: 9/9 MP: 2/2
   250 | D:1      | Reached skill level 1 in Stealth
   254 | D:1      | Reached XP level 2. HP: 9/12 MP: 3/3
  1120 | D:2      | Reached XP level 3. HP: 15/15 MP: 4/4
  1494 | D:2      | Reached XP level 4. HP: 3/19 MP: 5/5
  2144 | D:3      | Found a glowing golden altar of the Shining One.
  2532 | D:4      | Reached XP level 5. HP: 22/22 MP: 6/6
  2680 | D:4      | Found Ohiqa's Magic Scroll Shop.
  2825 | D:4      | Slain by a gnoll
  2826 | D:4      | Reached XP level 4. HP: -5/28 MP: 5/5
  3171 | D:5      | Entered Level 5 of the Dungeon
  3211 | D:5      | Noticed a phantom
  3213 | D:5      | Slain by a phantom

Illustrated notes

Levels and vault maps discovered:
D:1:      dpeg_arrival_tiny_j, layout_loops_corners
D:2:      layout_loops_ring
D:3:      layout_loops_ring, mainiacjoe_overflow_catwalk, minmay_quadrilaterals
D:4:      layout_cave_pods, serial_column_ruins, column_ruins_pillar_3,
          column_ruins_pillar_1, column_ruins_pillar_3, column_ruins_pillar_2,
          column_ruins_pillar_1, column_ruins_pillar_3, column_ruins_pillar_5,
          column_ruins_pillar_10, column_ruins_pillar_3, column_ruins_pillar_5,
          column_ruins_pillar_1, column_ruins_pillar_3, column_ruins_pillar_9,
          column_ruins_pillar_2, column_ruins_pillar_9, column_ruins_pillar_9,
          serial_shops, nicolae_shop_rolled_up, chequers_serial_rivers_micro_d
D:5:      layout_loops_cross, mainiacjoe_overflow_alcove_1,
          minmay_overflow_temple_star_hex, nicolae_grassy_gnolls, uniq_sigmund,
          uniq_grinder

Skill      XL: |  1  2  3  4  5 |
---------------+----------------+-----
Stealth        | 1 2 3 4 |  4.2
Dodging        | 3 |  3.1
Unarmed Combat | 4 |  4.3
Shapeshifting  | 4 |  4.3
Fighting       | |  1.5

Action                     |  1- 3 |  4- 6 || total
---------------------------+-------+-------++-------
  Melee: Unarmed           |    87 |    66 ||   153
         Bite              |     7 |     5 ||    12
         Punch             |     1 |     1 ||     2
    Use: Potion            |       |     2 ||     2
   Stab: Sleeping          |     5 |     9 ||    14
 Armour: Skin              |     5 |     6 ||    11
  Dodge: Dodged            |    66 |    39 ||   105
   Form: Storm             |       |     2 ||     2
         Beast             |       |     1 ||     1

Table legend: (Time is in decaauts)
 A = Elapsed time spent in this place.
 B = Non-inter-level travel time spent in this place.
 C = Inter-level travel time spent in this place.
 D = Time resting spent in this place.
 E = Time spent auto-exploring this place.
 F = Levels seen in this place.
 G = Mean time per level.
                   A        B        C        D        E       F      G
               +--------+--------+--------+--------+--------+-----+--------+
         Total |   2690 |   2589 |    101 |     62 |   2082 |   5 |  538.0 |
       Dungeon |   2690 |   2589 |    101 |     62 |   2082 |   5 |  538.0 |
               +--------+--------+--------+--------+--------+-----+--------+

Top non-repeatable levels by time:
     D:1: 868 daAuts
     D:4: 686 daAuts
     D:3: 577 daAuts
     D:2: 516 daAuts
     D:5: 41 daAuts
